 Dungeon Crawl Stone Soup version 0.25.1-1-g288607f5aa (webtiles) character file.

Game seed: 5789592597315662933

49 Asdor the Skirmisher (level 3, -8/30 HPs)
             Began as a Demonspawn Abyssal Knight on July 23, 2020.
             Was a Follower of Lugonu.
             Killed from afar by a white imp (13 damage)
             ... with a puff of frost
             ... summoned by Natasha
             ... on level 2 of the Dungeon.
             The game lasted 00:04:41 (1502 turns).

Asdor the Skirmisher (Demonspawn Abyssal Knight)    Turns: 1502, Time: 00:04:42

Health: -8/30      AC:  7    Str: 12    XL:     3   Next: 53%
Magic:  5/5        EV: 11    Int: 13    God:    Lugonu [*.....]
Gold:   106        SH:  0    Dex: 13    Spells: 2/2 levels left

rFire    + + .     SeeInvis .   e - +0 trident
rCold    x . .     Gourm    .   (no shield)
rNeg     . . .     Faith    +   b - +0 leather armour
rPois    .         Spirit   .   (no helmet)
rElec    .         Reflect  .   (no cloak)
rCorr    .         Harm     .   (no gloves)
MR       .....                  (no boots)
Stlth    +.........             o - amulet of faith
HPRegen  0.10/turn              j - ring of fire
MPRegen  0.09/turn              q - +4 ring of protection

@: no status effects
A: fire resistance 1
a: Depart the Abyss, Renounce Religion


You were on level 2 of the Dungeon.
You worshipped Lugonu.
Lugonu was aware of your devotion.
You were not hungry.

You visited 1 branch of the dungeon, and saw 2 of its levels.
You visited the Abyss 1 time.

You collected 106 gold pieces.

Inventory:

Hand Weapons
 a - a +1 spear
 e - a +0 trident (weapon)
 i - a +0 great sword
Armour
 b - a +0 leather armour (worn)
Jewellery
 j - a ring of fire (left hand)
 o - an amulet of faith (around neck)
 q - a +4 ring of protection (right hand)
Scrolls
 h - a scroll of magic mapping
 l - 2 scrolls of teleportation {unknown}
 m - a scroll of blinking {unknown}
 p - 2 scrolls of remove curse {unknown}
 r - 2 scrolls of identify {unknown}
Potions
 d - a potion of mutation {unknown}
 f - 3 potions of heal wounds {unknown}
 k - a potion of stabbing {unknown}
 n - a potion of lignification {unknown}
Comestibles
 c - 5 rations
 g - 2 chunks of flesh


   Skills:
 + Level 3.7 Fighting
 * Level 2.2 Polearms
 + Level 2.3 Armour
 + Level 1.0 Dodging
 - Level 2.8 Invocations


You had 2 spell levels left.
You didn't know any spells.
Your spell library was empty.

Dungeon Overview and Level Annotations

Branches:
Dungeon (2/15)

Altars:

Annotations:
D:2 Natasha


Innate Abilities, Weirdness & Mutations

Your flesh is heat resistant. (rF+)


Message History

The goblin shoots a stone.
The stone hits you.
You miss Natasha. Natasha claws you but does no damage.
The white imp closely misses you. Natasha claws you!
You completely miss Natasha. The white imp gestures at you.
The puff of frost hits you but does no damage.
Natasha casts a spell at you. The magic dart hits you.
You hit Natasha but do no damage. The white imp closely misses you.
Natasha mumbles some strange words.
Okay, then.
The white imp gestures at you. The puff of frost hits you!
You feel a terrible chill!
* * * LOW HITPOINT WARNING * * *
Natasha barely misses you.
Natasha growls.
You see here a stone.
The white imp gestures at you. The puff of frost hits you!
You feel a terrible chill!
You die...

#.......##
##......... #..
#.####.##..
#...##.####.##.#
.................
..............#.#
........#.......#
##...#.##.#######
#...#. #@# #..
#.##(####
..###..hg(..#
......5.5..#
..##....(..#
#...$...#
#.......#
#.......#
..!......#


You could see Natasha, a crimson imp (summoned), a white imp (summoned) and a
goblin.

Vanquished Creatures
  An adder (D:2)
  A worm (D:2)
  3 dart slugs
  2 leopard geckos
  A ball python (D:1)
  A giant cockroach (D:1)
  3 goblins (D:1)
  5 hobgoblins
  4 bats
  5 frilled lizards
  A kobold (D:1)
  4 rats (D:1)
31 creatures vanquished.

Notes
Turn   | Place    | Note
-------+----------+-------------------------------------------
     0 | Abyss:1  | Asdor the Demonspawn Abyssal Knight began the quest for the
                  | Orb.
     0 | Abyss:1  | Reached XP level 1. HP: 18/18 MP: 2/2
   102 | Abyss:4  | Noticed a worldbinder
   108 | Abyss:4  | Noticed a vampire mosquito
   108 | D:1      | Escaped the Abyss
   155 | D:1      | Reached * piety under Lugonu
   159 | D:1      | Gained mutation: Your flesh is heat resistant. (rF+)
                  | [demonic ancestry]
   159 | D:1      | Reached XP level 2. HP: 23/24 MP: 3/3
   954 | D:1      | Reached XP level 3. HP: 29/29 MP: 5/5
  1176 | D:2      | Reached skill level 1 in Dodging
  1491 | D:2      | Noticed Natasha
  1502 | D:2      | Killed from afar by a white imp

Illustrated notes

Levels and vault maps discovered:
D:1:      elethiomel_arrival_infinity_welcomes_careful_drivers,
          layout_loops_ring
D:2:      layout_loops_cross, minmay_misc_feat_plants, uniq_natasha,
          uniq_jessica

Skill      XL: |  1  2  3 |
---------------+----------+-----
Polearms       | 2 |  2.2
Armour         | 2 |  2.3
Dodging        | 1 |  1.0
Fighting       | |  3.7
Invocations    | |  2.8

Action                   || total
-------------------------++-------
Melee: Trident           ||    87
Invok: Depart the Abyss  ||     1
  Use: Scroll            ||     2
 Stab: Sleeping          ||     3
  Eat: Chunk             ||     2
Armor: Leather armour    ||    18
Dodge: Dodged            ||    37
